 Dungeon Crawl Stone Soup version 0.18.1-50-g88ac8fd (webtiles) character file.

191 grisgris the Sneak (level 5, -7/37 HPs)
             Began as a Vampire Enchanter on Oct 15, 2016.
             Killed by nerve-wracking pain
             ... invoked by an orc priest
              (13 damage)
             ... on level 2 of the Dungeon.
             The game lasted 00:13:21 (2513 turns).

grisgris the Sneak (Vampire Enchanter)              Turns: 2513, Time: 00:13:21

Health: -7/37      AC:  4    Str:  8    XL:     5   Next: 41%
Magic:  0/8        EV: 13    Int: 17    God:
Gold:   45         SH:  0    Dex: 15    Spells: 3 memorised, 3 levels left

rFire  . . .     SeeInvis +     a - +1 dagger
rCold  + + .     Gourm    .     b - +1 robe
rNeg   + + +     Faith    .     (no shield)
rPois  +         Spirit   .     (no helmet)
rElec  .         Dismiss  .     g - +0 cloak
rCorr  .         Reflect  .     (no gloves)
SustAt .         Harm     .     (no boots)
MR     .....                    (no amulet)
Stlth  ++++......               (no ring)
                                (no ring)

@: very slightly contaminated, regenerating slowly, not resistant to hostile
enchantments, stealthy
A: fangs 3, see invisible, unbreathing
a: Bat Form


You were on level 2 of the Dungeon.
You were near bloodless.

You visited 1 branch of the dungeon, and saw 3 of its levels.

You collected 45 gold pieces.

Inventory:

Hand Weapons
 a - a +1 dagger (weapon)
Armour
 b - a +1 robe (worn)
 g - a +0 cloak (worn)
Jewellery
 e - an uncursed ring of sustain attributes {unknown}
Scrolls
 f - a scroll of remove curse
Books
 c - a book of Maledictions

   Spells                             Type                      Level
   a - Corona                         Hexes                        1
   b - Ensorcelled Hibernation        Hexes/Ice                    2
   c - Confuse                        Hexes                        3
   d - Tukima's Dance                 Hexes                        3
   e - Dazzling Spray                 Conjuration/Hexes            3


   Skills:
 + Level 1.1 Fighting
 + Level 2.1 Short Blades
 + Level 3.0 Dodging
 * Level 6.6 Stealth
 + Level 2.6 Spellcasting
 + Level 4.8 Hexes
 + Level 1.4 Ice Magic


You had 3 spell levels left.
You knew the following spells:

 Your Spells              Type           Power        Failure   Level  Hunger
a - Ensorcelled Hibernat  Hex/Ice        ##....       10%         2    ##.....
b - Confuse               Hex            ###.....     10%         3    ###....
c - Corona                Hex            ###....      2%          1    #......


Dungeon Overview and Level Annotations

Branches:
Dungeon (3/15)

Altars:
Ashenzari


Innate Abilities, Weirdness & Mutations

You heal slowly.
You have razor-sharp teeth.
You have supernaturally acute eyesight.
You can survive without breathing.


Message History

* * * LOW HITPOINT WARNING * * *
You hit the orc priest.
The orc priest is severely wounded.
The orc priest hits you with a whip.
* * * LOW HITPOINT WARNING * * *
You aren't carrying any potions.
You hit the orc priest.
The orc priest is almost dead.
You hit the orc priest.
The orc priest is almost dead.
The orc priest closely misses you.
You hit the orc priest but do no damage.
The orc priest is almost dead.
The orc priest hits you with a whip.
* * * LOW HITPOINT WARNING * * *
You barely miss the orc priest. Your bite misses the orc priest.
The orc priest is almost dead.
The orc priest invokes the aid of Beogh against you.
Pain shoots through your body!
You die...

#####
###...############
#@o...'...........
#[#...#........##.
#.#...#........##.
#.#...#..........÷
#.#........÷.....÷
#[#............#.#
#.####.........#.#
##.####.....÷...#<.
#...............###


You could see an orc priest.

Vanquished Creatures
  2 orc priests (D:3)
  An orc wizard (D:2)
  5 adders (D:2)
  A worm (D:2)
  2 giant geckos
  6 orcs
  3 bats
  2 giant cockroaches (D:1)
  6 goblins
  6 hobgoblins
  3 giant newts
  6 kobolds
  11 rats
54 creatures vanquished.

Notes
Turn   | Place    | Note
--------------------------------------------------------------
     0 | D:1      | grisgris the Vampire Enchanter began the quest for the Orb.
     0 | D:1      | Reached XP level 1. HP: 13/13 MP: 3/3
   353 | D:1      | Reached XP level 2. HP: 19/19 MP: 1/5
   357 | D:1      | Learned a level 2 spell: Ensorcelled Hibernation
   379 | D:1      | Reached skill level 5 in Stealth
   895 | D:2      | Reached XP level 3. HP: 14/25 MP: 2/6
   934 | D:2      | Learned a level 3 spell: Confuse
  1589 | D:2      | Found a shattered altar of Ashenzari.
  1811 | D:2      | Reached XP level 4. HP: 21/31 MP: 1/7
  2062 | D:2      | Reached skill level 6 in Stealth
  2131 | D:3      | Reached skill level 1 in Ice Magic
  2321 | D:3      | Reached skill level 1 in Fighting
  2321 | D:3      | Reached XP level 5. HP: 37/37 MP: 5/8
  2513 | D:2      | Killed from afar by an orc priest

Skill      XL: |  1  2  3  4  5 |
---------------+----------------+-----
Stealth        | 5 6 |  6.6
Short Blades   | 2 |  2.1
Ice Magic      | 1 |  1.4
Fighting       | 1 |  1.1
Dodging        | 3 |  3.0
Spellcasting   | |  2.6
Hexes          | |  4.8

Action                   |  1- 3 |  4- 6 || total
-------------------------+-------+-------++-------
Melee: Dagger            |   105 |    58 ||   163
       Bite              |     7 |     1 ||     8
 Cast: Corona            |    11 |     2 ||    13
       Ensorcelled Hiber |    22 |    21 ||    43
       Confuse           |     2 |     2 ||     4
  Use: Scroll            |     2 |       ||     2
       Potion            |     2 |       ||     2
 Stab: Sleeping          |    24 |    12 ||    36
Armor: Robe              |    18 |    10 ||    28
Dodge: Dodged            |    59 |    44 ||   103
